 Dungeon Crawl Stone Soup version 0.30-a0-857-gcaf70739d4 (webtiles) character file.

Game seed: 11643826113906141392

253351 Grim the Executioner (level 18, 0/182 HPs)
             Began as a Minotaur Berserker on Mar 5, 2023.
             Was a High Priest of Trog.
             Slain by an ettin
             ... wielding a +0 dire flail
              (6 damage)
             ... while paralysed by a floating eye
             ... on level 2 of the Depths.
             The game lasted 01:21:27 (40362 turns).

Grim the Executioner (Minotaur Berserker)          Turns: 40362, Time: 01:21:27

Health: 0/182      AC: 26    Str: 28    XL:     18   Next: 99%
Magic:  17/17      EV:  2    Int: 16    God:    Trog [*****.]
Gold:   2972       SH:  0    Dex: 13    Spells: 17/17 levels left

rFire   + + +      SeeInvis +    c - +4 executioner's axe (spect)
rCold   . . .      Faith    .    (shield currently unavailable)
rNeg    + + .      Spirit   .    l - +0 fire dragon scales
rPois   +          Reflect  .    (helmet restricted)
rElec   .          Rampage  .    Z - +2 cloak {rCorr}
rCorr   +                        k - +2 pair of gloves of the Other Side {rN+ Int+3}
Will    +++..                    (no boots) Stlth
                                 V - amulet "Ottuist" {Regen+ Str+2 Dex+3}
HPRegen 2.30/turn                T - ring "Zeguapt" {rPois rC+ rN+ Int+3 Stlth-}
MPRegen 0.15/turn                h - ring of see invisible

@: paralysed, strong-willed (expiring), regenerating (expiring)
A: horns 2, retaliatory headbutt, iridescent scales 2, clever 1, fire resistance
1
}: 2/15 runes: decaying, serpentine
a: Renounce Religion, Berserk, Trog's Hand, Brothers in Arms


You were on level 2 of the Depths.
You worshipped Trog.
Trog was extremely pleased with you.
You visited 6 branches of the dungeon, and saw 32 of its levels.
You also visited: Sewer and Ice Cave.

You collected 3407 gold pieces.
You spent 435 gold pieces at shops.

Inventory:

Hand Weapons
 c - a +4 spectral executioner's axe (weapon)
 r - the +7 battleaxe of Insomnia {heavy, rN+ Str+6 Dex-5}
   (Trog gifted it to you on level 2 of the Orcish Mines)

   Str:       It affects your strength (+6).
   Dex:       It affects your dexterity (-5).
   rN:        It protects you from negative energy.
Missiles
 a - 2 throwing nets
 y - 10 javelins (quivered)
 K - 5 silver boomerangs
Armour
 k - the +2 pair of gloves of the Other Side (worn) {rN+ Int+3}
   (You acquired it on level 4 of the Swamp)

   Int:       It affects your intelligence (+3).
   rN:        It protects you from negative energy.
 l - +0 fire dragon scales (worn)
 o - a +2 plate armour of willpower
 Z - a +2 cloak of preservation (worn)
Jewellery
 h - a ring of see invisible (right hand)
 J - a ring of willpower
 Q - a ring of protection from cold
 R - a ring of protection from fire
 T - the ring "Zeguapt" (left hand) {rPois rC+ rN+ Int+3 Stlth-}
   (You took it off an efreet on level 9 of the Dungeon)

   [ring of positive energy]

   Int:       It affects your intelligence (+3).
   rC:        It protects you from cold.
   rPois:     It protects you from poison.
   rN:        It protects you from negative energy.
   Stlth:     It makes you less stealthy.
 U - a ring of protection from fire
 V - the amulet "Ottuist" (around neck) {Regen+ Str+2 Dex+3}
   (You took it off a death knight on level 9 of the Dungeon)

   [amulet of regeneration]

   Str:       It affects your strength (+2).
   Dex:       It affects your dexterity (+3).
   Regen:     It increases your rate of health regeneration.
 W - the ring of the Quiescent God {rPois Slay+4}
   (You took it off a boggart on level 9 of the Dungeon)

   [ring of slaying]

   Slay:      It affects your accuracy & damage with ranged weapons and melee
   (+4).
   rPois:     It protects you from poison.
Wands
 t - a wand of mindburst (17)
 v - a wand of polymorph (34)
 A - a wand of flame (68)
 C - a wand of iceblast (35)
 O - a wand of paralysis (16)
 S - a wand of quicksilver (19)
Scrolls
 f - 10 scrolls of enchant weapon
 j - 2 scrolls of poison
 n - 10 scrolls of immolation
 p - 6 scrolls of torment
 q - 8 scrolls of blinking
 u - 5 scrolls of vulnerability
 z - 10 scrolls of teleportation
 B - 4 scrolls of magic mapping
 D - 4 scrolls of fear
 E - 6 scrolls of noise
 H - 2 scrolls of summoning
 I - 3 scrolls of enchant armour
 M - 2 scrolls of identify
 N - 5 scrolls of amnesia
 P - 4 scrolls of fog
 X - 2 scrolls of brand weapon
Potions
 b - 2 potions of mutation {!q}
 d - 4 potions of might
 e - 7 potions of flight
 g - 3 potions of haste
 i - 4 potions of heal wounds
 m - 3 potions of cancellation
 s - 5 potions of ambrosia
 w - 16 potions of curing
 x - 3 potions of resistance
 F - 4 potions of lignification
 G - 3 potions of magic
 L - 2 potions of attraction
 Y - 4 potions of invisibility


   Skills:
 + Level 21.5 Fighting
 - Level 23.1 Axes
 - Level 10.5 Throwing
 + Level 18.1 Armour
 + Level 16.1 Dodging


You had 17 spell levels left.
You didn't know any spells.
Your spell library was empty.

Dungeon Overview and Level Annotations

Branches:
Dungeon (15/15)            Temple (0/1) D:5            Lair (5/5) D:11
  Swamp (4/4) Lair:2        Snake (4/4) Lair:2        Slime (0/5) Lair:5
    Orc (2/2) D:9             Elf (0/3) Orc:2        Vaults (0/5) D:14
 Depths (2/4) D:15          Sewer (visited)           IceCv (visited)

Altars:
Cheibriados
Elyvilon
Makhleb
Qazlal
Ru
Yredelemnul
The Shining One
Jiyva

Shops:
D:3 :   D:4 (   D:9 (   D:15 :   Orc:1 (   Orc:2 [![**   Snake:1 :==

Portals:
Hell: Depths:1
Abyss: Depths:1 Depths:2
Pandemonium: Depths:2
Ziggurat: Depths:1
Trove: D:13 (give 6 scrolls of fog)

Annotations:
D:8 3 runed translucent doors, quandasim's ghost, novice MiFi
D:12 2 transporters, mn3067's ghost, journeyman GrBe


Innate Abilities, Weirdness & Mutations

You have a pair of horns on your head.
You reflexively headbutt those who attack you in melee.
You are mostly covered in iridescent scales. (AC +4)
Your mind is acute. (Int +4, Str/Dex -1)
Your flesh is heat resistant. (rF+)


Message History

* * * LOW HITPOINT WARNING * * *
The ettin completely misses you.
The vampire knight hits you with a +1 long sword!
* * * LOW HITPOINT WARNING * * *
The vampire knight bites you but does no damage.
You can move again.
The vampire knight points at you and mumbles some strange words.
The vampire knight blinks!
The deep troll earth mage casts a spell next to you.
The wall shatters!
The blast of rock fragments hits you but does no damage.
The vampire knight hits you but does no damage.
The vampire knight bites you but does no damage.
The vampire knight hits you with a +1 long sword!
* * * LOW HITPOINT WARNING * * *
The vampire knight bites you but does no damage.
The vampire knight barely misses you. You furiously retaliate!
You headbutt the vampire knight! The vampire knight closely misses you.
The vampire knight hits you with a +1 long sword!!
* * * LOW HITPOINT WARNING * * *
The vampire knight bites you but does no damage.
The vampire knight attacks as you move away!
The vampire knight hits you but does no damage.
The vampire knight misses you. The ettin attacks as you move away!
The ettin misses you. The ettin closely misses you.
You feel the effects of Trog's Hand fading.
The floating eye's stare focuses on you.
There is an escape hatch in the ceiling here.
The ettin hits you with a +0 dire flail!!
* * * LOW HITPOINT WARNING * * *
The ettin hits you with a +0 dire flail!
* * * LOW HITPOINT WARNING * * *
The vampire knight casts a spell at you.
The vampire knight blinks!
The floating eye gazes piercingly through you!
You suddenly lose the ability to move!
You stop ascending the stairs.
The vampire knight completely misses you.
The vampire knight bites you but does no damage.
The ettin hits you with a +0 dire flail.
You die...

..........##..............
.....^....##....##........
.#..............#.........
##....###..........∩.....
#...# ##...............
...# ##.............. ..#
##.#............
##..V............
#..@...##........
##GC....#........
#§T.............
#.T#............
##.##...........
###.T##...##....##
#...TT...## ....#
#....##.....## #.....
#...###......##......


You could see a vampire knight (fast), an ettin, 3 deep trolls, 2 deep troll
earth magi and a floating eye.

Vanquished Creatures
  A lich (Depths:2)
  The ghost of krest the Phalangite, an adept MiGl of Okawaru (Swamp:2)
  Asterion (Snake:1)
  Kirke (D:15)
  A tengu reaver (Depths:1)
  8 nagarajas
  2 thorn hunters
  2 fenstrider witches
  A fire giant (Depths:2)
  Aizul (Snake:1)
  A ghoul (Swamp:2)
  2 orc warlords
  Louise (Swamp:2)
  4 very ugly things (Depths:1)
  7 stone giants
  6 bunyips
  8 eleionomae
  A deep elf demonologist (Depths:1)
  4 fire dragons (Depths:1)
  2 ettins (Depths:1)
  A shambling mangrove (Swamp:4)
  15 hydras
  3 salamander tyrants
  3 ice dragons
  The ghost of Lavandula the Thaumaturge, a journeyman FeHW of Vehumet (D:11)
  3 ghost crabs (Swamp:4)
  A catoblepas (D:15)
  A spriggan air mage (Depths:1)
  3 centaur warriors
  A rakshasa (Depths:1)
  5 alligators
  6 anacondas
  A deep troll shaman (Depths:1)
  4 boulder beetles
  A death knight (D:9)
  7 two-headed ogres
  13 naga warriors
  3 orc high priests (Orc:2)
  3 tengu warriors
  2 spriggan berserkers
  2 deep troll earth magi (Depths:1)
  14 naga sharpshooters
  5 shock serpents
  2 vampire magi
  4 salamander mystics
  A skyshark (Lair:3)
  4 goliath frogs
  6 iron trolls (Depths:1)
  2 skeletal warriors
  11 swamp dragons
  Lodul (D:12)
  4 deep trolls (Depths:1)
  A glowing orange brain (Depths:1)
  2 spriggan druids
  11 naga ritualists
  6 bog bodies
  A lindwurm (Lair:5)
  A wizard (D:15)
  Pikel (D:4)
  3 necromancers
  A wolf spider (Lair:1)
  15 mana vipers
  6 orc knights
  A stone giant zombie (D:15)
  6 deep elf pyromancers
  4 cyclopes
  8 orc sorcerers
  28 salamanders
  12 ugly things
  3 will-o-the-wisps
  32 elephants
  5 guardian serpents
  37 black mambas
  17 naga magi
  2 ice statues (IceCv)
  13 cane toads
  An unseen horror (D:12)
  2 gargoyles
  A spriggan zombie (D:15)
  A freezing wraith (IceCv)
  2 tengu conjurers
  5 ice devils (IceCv)
  6 komodo dragons
  4 yaktaurs (D:13)
  3 anaconda simulacra
  An efreet (D:9)
  4 rime drakes
  7 trolls
  A meliai (shapeshifter) (D:13)
  A bloated husk (Swamp:3)
  8 polar bears
  20 hornets
  2 wolf spider simulacra (Lair:1)
  10 tyrant leeches
  5 blink frogs
  A dream sheep (Lair:5)
  A shadow (D:9)
  35 yaks
  24 spriggans
  5 wraiths
  3 vampires
  A water elemental (Depths:2)
  A wyvern (D:10)
  A dire elephant simulacrum (IceCv)
  A basilisk (Lair:4)
  3 hogs (D:15)
  Menkaure (D:7)
  A steam dragon (D:9)
  7 vampire mosquitoes
  60 nagas
  An acid dragon (D:14)
  4 wargs
  3 harpy simulacra (IceCv)
  A glowing shapeshifter zombie (D:15)
  4 hydra simulacra (IceCv)
  10 swamp worms
  A glowing shapeshifter skeleton (D:15)
  11 water moccasins
  38 orc warriors
  11 swamp drakes
  2 sky beasts
  6 black bears
  An ogre (shapeshifter) (D:13)
  13 ogres
  5 boggarts
  12 centaurs
  49 wolves
  2 phantoms (D:5)
  2 lemures (D:4)
  16 bullfrogs
  2 kobold brigands (D:10)
  A cane toad simulacrum (Lair:1)
  6 necrophages (Lair:2)
  A gnoll sergeant (D:9)
  4 scorpions
  5 wights (D:9)
  5 killer bees
  8 electric eels
  5 howler monkeys
  4 jellies (D:9)
  A hound (D:5)
  13 orc priests
  A sleepcap (D:6)
  2 gnoll boudas
  28 orc wizards
  3 human skeletons (D:5)
  An iguana (D:6)
  2 polar bear simulacra
  2 troll simulacra (IceCv)
  A wolf simulacrum (IceCv)
  9 adders
  23 gnolls
  A naga simulacrum (IceCv)
  8 river rats
  2 shadow imps
  A white imp (D:6)
  An ufetubus (D:5)
  3 worms
  A dart slug (D:2)
  83 orcs
  4 bats
  7 endoplasms
  3 giant cockroaches
  2 goblins
  8 hobgoblins
  7 jackals
  15 kobolds
  2 quokkas
  15 ball pythons
  6 frilled lizards
  An orc skeleton (D:5)
  2 orc zombies (D:5)
  36 rats
1160 creatures vanquished.

Vanquished Creatures (collateral kills)
  Frances (Swamp:2)
  2 hydras (Swamp:4)
  A swamp dragon (Swamp:4)
  2 elephants (Lair:5)
  A hornet (Lair:5)
  A spriggan (Lair:5)
  A wyvern (Lair:5)
  A swamp drake (Swamp:4)
  A wolf (Lair:5)
11 creatures vanquished.

Vanquished Creatures (others)
  2 bloated husks (Swamp:1)
  An orc (D:7)
  8 foxfires
  25 fungi
  74 plants
  5 withered plants
115 creatures vanquished.

Grand Total: 1286 creatures vanquished

Notes
Turn   | Place    | Note
-------+----------+-------------------------------------------
     0 | D:1      | Grim the Minotaur Berserker began the quest for the Orb.
     0 | D:1      | Reached XP level 1. HP: 19/19 MP: 0/0
   164 | D:1      | Reached skill level 4 in Axes
   233 | D:1      | Reached XP level 2. HP: 21/26 MP: 1/1
   788 | D:2      | Reached skill level 5 in Axes
   789 | D:2      | Reached ** piety under Trog
   792 | D:2      | Reached XP level 3. HP: 29/31 MP: 2/2
  1545 | D:3      | Reached skill level 6 in Axes
  1545 | D:3      | Reached XP level 4. HP: 39/39 MP: 3/3
  1767 | D:3      | Reached skill level 7 in Axes
  1767 | D:3      | Reached XP level 5. HP: 45/45 MP: 4/4
  2042 | D:3      | Found Macriug's Book Shoppe.
  2099 | D:3      | Found a faded altar of an unknown god.
  2210 | D:3      | Found a burning altar of Makhleb.
  2454 | D:4      | Noticed a lemure
  2455 | D:4      | Noticed a lemure
  2455 | D:4      | Noticed a lemure
  2456 | D:4      | Noticed Pikel
  2456 | D:4      | Noticed a lemure
  2465 | D:4      | Killed a lemure
  2473 | D:4      | Killed a lemure
  2476 | D:4      | Killed Pikel
  2477 | D:4      | Reached skill level 10 in Axes
  2477 | D:4      | Reached XP level 6. HP: 51/51 MP: 5/5
  2477 | D:4      | Reached XP level 7. HP: 57/57 MP: 6/6
  3040 | D:4      | Found Loiz's Antique Weapon Shoppe.
  3429 | D:5      | Entered Level 5 of the Dungeon
  3540 | D:5      | Reached skill level 11 in Axes
  3625 | D:5      | Found a glowing drain.
  3653 | Sewer    | Entered a sewer
  3872 | Sewer    | Reached *** piety under Trog
  4139 | Sewer    | Reached XP level 8. HP: 58/64 MP: 7/7
  4201 | Sewer    | Reached skill level 12 in Axes
  4399 | D:5      | Found a staircase to the Ecumenical Temple.
  4611 | D:5      | You fall into a shaft and drop 3 floors!
  4982 | D:5      | Reached **** piety under Trog
  4983 | D:5      | Reached skill level 13 in Axes
  5374 | D:6      | Identified the +10 dagger "Sykkae Forr" {venom, rC+ Int+3}
  5492 | D:6      | Reached skill level 14 in Axes
  5804 | D:6      | Reached XP level 9. HP: 45/71 MP: 8/8
  6206 | D:7      | Found a white marble altar of Elyvilon.
  6230 | D:7      | Noticed Menkaure
  6239 | D:7      | Killed Menkaure
  6240 | D:7      | Reached skill level 5 in Fighting
  6488 | D:7      | Found a basalt altar of Yredelemnul.
  6546 | D:7      | Reached skill level 15 in Axes
  7801 | D:8      | Found a runed translucent gate.
  7802 | D:8      | Found a runed translucent gate.
  7802 | D:8      | Noticed quandasim's ghost (novice MiFi)
  7803 | D:8      | Noticed a kobold demonologist
  7804 | D:8      | Found a runed translucent gate.
  8583 | D:9      | Reached skill level 16 in Axes
  8599 | D:9      | Reached XP level 10. HP: 86/86 MP: 9/9
  9085 | D:9      | Found a snail-covered altar of Cheibriados.
  9085 | D:9      | Found a sacrificial altar of Ru.
  9144 | D:9      | Noticed a two-headed ogre
  9161 | D:9      | Killed a two-headed ogre
  9228 | D:9      | Noticed a centaur warrior
  9243 | D:9      | Killed a centaur warrior
  9358 | D:9      | Identified the ring "Zeguapt" {rPois rC+ rN+ Int+3 Stlth-}
  9365 | D:9      | Reached skill level 5 in Dodging
  9397 | D:9      | Identified the ring "Iheumir" {rC- Str+6 Int+4}
  9453 | D:9      | Reached skill level 10 in Fighting
  9469 | D:9      | Noticed a centaur warrior
  9555 | D:9      | Killed a centaur warrior
  9610 | D:9      | Noticed a boulder beetle
  9745 | D:9      | Noticed a cyclops
  9754 | D:9      | Killed a cyclops
  9761 | D:9      | Identified the amulet "Ottuist" {Regen+ Str+2 Dex+3}
  9761 | D:9      | Noticed a death knight
 10022 | D:9      | Killed a death knight
 10023 | D:9      | Reached XP level 11. HP: 54/102 MP: 10/10
 10191 | D:9      | Paralysed by a hornet for 3 turns
 10197 | D:9      | Paralysed by a hornet for 3 turns
 10481 | D:9      | Found a viscous altar of Jiyva.
 10712 | D:9      | Identified the ring of the Quiescent God {rPois Slay+4}
 10779 | D:9      | Found a staircase to the Orcish Mines.
 10779 | D:9      | Found Huekiede's Weapon Boutique.
 10817 | D:9      | Killed a boulder beetle
 11235 | D:10     | Entered Level 10 of the Dungeon
 11293 | D:10     | Identified the +0 pair of gloves "Yfuim" {Harm}
 11302 | D:10     | Reached ***** piety under Trog
 11683 | D:10     | Found a stormy altar of Qazlal.
 11717 | D:10     | Noticed a two-headed ogre
 11722 | D:10     | Killed a two-headed ogre
 11848 | D:10     | Identified the +5 rapier of Kabyleuf {pain, rCorr Int+3}
 12499 | D:11     | Found a runed translucent door.
 12499 | D:11     | Noticed Lavandula's ghost (journeyman FeHW)
 12499 | D:11     | Found the +8 demon blade "Leech" {evervamp, Harm Drain rN+}
 12523 | D:11     | Found a staircase to the Lair.
 12545 | D:11     | Noticed a two-headed ogre
 12551 | D:11     | Killed a two-headed ogre
 12700 | D:11     | Found a frozen archway.
 12701 | D:11     | Noticed an ice dragon
 12720 | D:11     | Killed an ice dragon
 12732 | IceCv    | Entered an ice cave
 13034 | IceCv    | Reached XP level 12. HP: 108/118 MP: 11/11
 13175 | IceCv    | Reached skill level 15 in Fighting
 14122 | D:11     | Noticed a two-headed ogre
 14127 | D:11     | Killed a two-headed ogre
 14128 | D:11     | Reached skill level 10 in Dodging
 14304 | D:11     | Gained mutation: You are resistant to electric shocks.
                  | (rElec) [potion of mutation]
 14304 | D:11     | Gained mutation: Armour fits poorly on your strangely
                  | shaped body. [potion of mutation]
 14304 | D:11     | Gained mutation: You expend magic power (3 MP) to
                  | strengthen your wands. [potion of mutation]
 14522 | D:11     | Killed Lavandula's ghost
 14735 | D:12     | Found a transporter.
 14738 | D:12     | Found a transporter.
 14738 | D:12     | Noticed mn3067's ghost (journeyman GrBe)
 14741 | D:12     | Noticed a two-headed ogre
 14742 | D:12     | a two-headed ogre changed into a redback
 14801 | D:12     | a swamp worm changed into a two-headed ogre
 14801 | D:12     | Noticed a two-headed ogre (glowing shapeshifter)
 14804 | D:12     | a two-headed ogre changed into an eye of devastation
 14824 | D:12     | a glowing orange brain changed into a two-headed ogre
 14824 | D:12     | Noticed a two-headed ogre (glowing shapeshifter)
 14829 | D:12     | a two-headed ogre changed into an anaconda
 14829 | D:12     | Noticed an anaconda (glowing shapeshifter)
 14831 | D:12     | an anaconda changed into a steelbarb worm
 14938 | D:12     | Noticed a frost giant
 14944 | D:12     | Noticed a dire elephant
 14945 | D:12     | a dire elephant changed into a storm dragon
 14945 | D:12     | Noticed a storm dragon (glowing shapeshifter)
 14946 | D:12     | a storm dragon changed into an azure jelly
 14946 | D:12     | Noticed an azure jelly (glowing shapeshifter)
 14956 | D:12     | Noticed a fire giant
 14958 | D:12     | a fire giant changed into a frost giant
 14958 | D:12     | Noticed a frost giant (glowing shapeshifter)
 14964 | D:12     | a frost giant changed into an iron troll
 14965 | D:12     | an iron troll changed into a fenstrider witch
 14965 | D:12     | Noticed a fenstrider witch (glowing shapeshifter)
 14970 | D:12     | Noticed Lodul
 14971 | D:12     | Noticed a boulder beetle
 14974 | D:12     | Noticed an eleionoma
 14974 | D:12     | an eleionoma changed into a dire elephant
 14974 | D:12     | Noticed a dire elephant (glowing shapeshifter)
 14978 | D:12     | a dire elephant changed into an eleionoma
 14978 | D:12     | Noticed an eleionoma (glowing shapeshifter)
 14982 | D:12     | an eleionoma changed into an azure jelly
 14982 | D:12     | Noticed an azure jelly (glowing shapeshifter)
 14984 | D:12     | an azure jelly changed into a fire giant
 14984 | D:12     | Noticed a fire giant (glowing shapeshifter)
 15013 | D:12     | Killed Lodul
 15972 | D:12     | Killed a boulder beetle
 16211 | D:13     | Reached skill level 5 in Armour
 16215 | D:13     | Reached XP level 13. HP: 49/132 MP: 12/12
 17234 | D:13     | Found a portal to a secret trove of treasure.
 18404 | D:14     | Found a glowing golden altar of the Shining One.
 18987 | D:14     | Found a gate to the Vaults.
 19127 | D:15     | Entered Level 15 of the Dungeon
 19127 | D:15     | Noticed Kirke
 19523 | D:15     | Killed Kirke
 19524 | D:15     | Reached skill level 10 in Armour
 19577 | D:15     | Found Gamuc's Vocational Training.
 19802 | D:15     | Found a staircase to the Depths.
 20547 | Lair:1   | Entered Level 1 of the Lair of Beasts
 20745 | Lair:1   | Reached XP level 14. HP: 140/140 MP: 13/13
 20930 | Lair:1   | Found a transporter.
 20984 | Lair:1   | Found a transporter.
 21310 | Lair:1   | Lost mutation: You are resistant to electric shocks.
                  | (rElec) [potion of mutation]
 21310 | Lair:1   | Lost mutation: You expend magic power (3 MP) to strengthen
                  | your wands. [potion of mutation]
 21310 | Lair:1   | Lost mutation: Armour fits poorly on your strangely shaped
                  | body. [potion of mutation]
 21310 | Lair:1   | Gained mutation: You possess an exceptional clarity of
                  | mind. [potion of mutation]
 21310 | Lair:1   | Gained mutation: Your muscles are strong. (Str +4, Int/Dex
                  | -1) [potion of mutation]
 22103 | Lair:2   | Found a staircase to the Snake Pit.
 22168 | Lair:2   | Found a staircase to the Swamp.
 22721 | Lair:3   | Received a gift from Trog
 23048 | Lair:3   | Found the +0 mask of the Dragon {Will+ Slay+3 SInv}
 23645 | Lair:4   | Reached skill level 15 in Armour
 24529 | Lair:5   | Entered Level 5 of the Lair of Beasts
 24582 | Lair:5   | Reached XP level 15. HP: 111/147 MP: 14/14
 24810 | Lair:5   | Reached skill level 15 in Dodging
 25183 | Lair:5   | Found a staircase to the Slime Pits.
 25184 | Lair:5   | Found a viscous altar of Jiyva.
 26297 | Orc:1    | Entered Level 1 of the Orcish Mines
 26368 | Orc:1    | Reached skill level 1 in Throwing
 26376 | Orc:1    | Received a gift from Trog
 26415 | Orc:1    | Found Risak's Antique Weapon Shop.
 26697 | Orc:2    | Entered Level 2 of the Orcish Mines
 26878 | Orc:2    | Found Feteevu's Armour Shop.
 27260 | Orc:2    | Found Wughab's Assorted Antiques.
 27266 | Orc:2    | Gained mutation: You occasionally shout uncontrollably at
                  | your foes. [a neqoxec]
 27315 | Orc:2    | Lost mutation: You possess an exceptional clarity of mind.
                  | [a neqoxec]
 27522 | Orc:2    | Gained mutation: You are frail. (-10% HP) [a neqoxec]
 27543 | Orc:2    | Identified the +7 battleaxe of Insomnia {heavy, rN+ Str+6
                  | Dex-5} (Trog gifted it to you on level 2 of the Orcish
                  | Mines)
 27543 | Orc:2    | Received a gift from Trog
 27717 | Orc:2    | Found Ucuq's Antique Armour Boutique.
 27722 | Orc:2    | Found Heho's Distillery.
 27729 | Orc:2    | Found Ugreun's Assorted Antiques.
 27779 | Orc:2    | Found a staircase to the Elven Halls.
 27889 | Orc:2    | Bought a potion of mutation for 248 gold pieces
 27903 | Orc:2    | Bought a pair of embroidered gloves for 187 gold pieces
 27903 | Orc:2    | Lost mutation: You occasionally shout uncontrollably at
                  | your foes. [potion of mutation]
 27903 | Orc:2    | Lost mutation: You are frail. (-10% HP) [potion of
                  | mutation]
 27903 | Orc:2    | Gained mutation: You are occasionally teleported next to
                  | monsters. [potion of mutation]
 27903 | Orc:2    | Gained mutation: You are partially covered in iridescent
                  | scales. (AC +2) [potion of mutation]
 28067 | Swamp:1  | Entered Level 1 of the Swamp
 28074 | Swamp:1  | Reached skill level 17 in Axes
 28078 | Swamp:1  | Reached skill level 5 in Throwing
 28887 | Swamp:2  | Reached XP level 16. HP: 155/155 MP: 15/15
 29084 | Swamp:2  | Noticed Louise
 29095 | Swamp:2  | Killed Louise
 29136 | Swamp:2  | Noticed Frances
 29146 | Swamp:2  | Killed Frances
 29200 | Swamp:2  | Lost mutation: You are occasionally teleported next to
                  | monsters. [potion of mutation]
 29200 | Swamp:2  | Lost mutation: Your muscles are strong. (Str +4, Int/Dex
                  | -1) [potion of mutation]
 29200 | Swamp:2  | Lost mutation: You are partially covered in iridescent
                  | scales. (AC +2) [potion of mutation]
 29200 | Swamp:2  | Gained mutation: You sometimes lose your temper in combat.
                  | [potion of mutation]
 29200 | Swamp:2  | Gained mutation: You are partially covered in iridescent
                  | scales. (AC +2) [potion of mutation]
 29259 | Swamp:2  | Found a runed translucent door.
 29264 | Swamp:2  | Noticed krest's ghost (adept MiGl)
 29279 | Swamp:2  | Reached skill level 18 in Axes
 29490 | Swamp:2  | Killed krest's ghost
 29552 | Swamp:3  | Noticed a thorn hunter
 29879 | Swamp:2  | Killed a thorn hunter
 30463 | Swamp:4  | Entered Level 4 of the Swamp
 30483 | Swamp:4  | Received a gift from Trog
 30784 | Swamp:4  | Reached skill level 19 in Axes
 30989 | Swamp:4  | Identified the +9 morningstar of Yleigedu {elec, Fragile
                  | rN+++ Dex+6}
 31176 | Swamp:4  | Identified a scroll of acquirement
 31177 | Swamp:4  | Acquired the +2 pair of gloves of the Other Side {rN+
                  | Int+3}
 31391 | Swamp:4  | Reached skill level 10 in Throwing
 31440 | Swamp:4  | Noticed a thorn hunter
 31448 | Swamp:4  | Killed a thorn hunter
 31659 | Swamp:4  | Reached skill level 20 in Axes
 31659 | Swamp:4  | Reached XP level 17. HP: 161/161 MP: 16/16
 31777 | Swamp:4  | Got a decaying rune of Zot
 32102 | Snake:1  | Entered Level 1 of the Snake Pit
 32190 | Snake:1  | Noticed Aizul
 32198 | Snake:1  | Killed Aizul
 32198 | Snake:1  | Received a gift from Trog
 32247 | Snake:1  | Lost mutation: You are partially covered in iridescent
                  | scales. (AC +2) [potion of mutation]
 32247 | Snake:1  | Lost mutation: You sometimes lose your temper in combat.
                  | [potion of mutation]
 32247 | Snake:1  | Gained mutation: Your mind is acute. (Int +4, Str/Dex -1)
                  | [potion of mutation]
 32247 | Snake:1  | Gained mutation: You are partially covered in iridescent
                  | scales. (AC +2) [potion of mutation]
 32247 | Snake:1  | Gained mutation: You are mostly covered in iridescent
                  | scales. (AC +4) [potion of mutation]
 32247 | Snake:1  | Gained mutation: Your flesh is heat resistant. (rF+)
                  | [potion of mutation]
 32263 | Snake:1  | Noticed Asterion
 32273 | Snake:1  | Killed Asterion
 32554 | Snake:1  | Found Racoc's Book Shoppe.
 32554 | Snake:1  | Found Kutiucim's Jewellery Shop.
 32555 | Snake:1  | Found Goij Xulou's Jewellery Shop.
 34199 | Snake:2  | Identified the +2 spear of the Hurtling Mosquito {protect,
                  | *Noise rPois rN+++ Int+6}
 34219 | Snake:2  | Reached skill level 21 in Axes
 34288 | Snake:2  | Received a gift from Trog
 35918 | Snake:3  | Reached skill level 22 in Axes
 36066 | Snake:3  | Reached XP level 18. HP: 152/178 MP: 17/17
 36255 | Snake:4  | Entered Level 4 of the Snake Pit
 36698 | Snake:4  | Reached ****** piety under Trog
 36766 | Snake:4  | Identified the +1 war axe of the Dark Horse {flame, Str+7}
                  | (Trog gifted it to you on level 4 of the Snake Pit)
 36766 | Snake:4  | Received a gift from Trog
 38029 | Snake:4  | Reached skill level 23 in Axes
 38133 | Snake:4  | Got a serpentine rune of Zot
 38493 | Depths:1 | Entered Level 1 of the Depths
 38608 | Depths:1 | Received a gift from Trog
 38878 | Depths:1 | Found a gateway to Hell.
 39025 | Depths:1 | Found a one-way gate to the infinite horrors of the Abyss.
 39609 | Depths:1 | Found a one-way gateway to a ziggurat.
 39810 | Depths:1 | You fall into a shaft and drop 1 floor!
 39845 | Depths:2 | Noticed a lich
 39856 | Depths:2 | Killed a lich
 40325 | Depths:2 | Found a one-way gate leading to the halls of Pandemonium.
 40350 | Depths:2 | Paralysed by a floating eye for 4 turns
 40361 | Depths:2 | HP: 3/182 [ettin/+0 dire flail (7)]
 40361 | Depths:2 | Paralysed by a floating eye for 3 turns
 40362 | Depths:2 | Slain by an ettin

Illustrated notes

Levels and vault maps discovered:
D:1:      lightli_arrival_isolated_outpost, layout_loops_ring, minivault_14
D:2:      layout_rooms
D:3:      layout_basic, mainiacjoe_overflow_alcove_2,
          shapermc_ecumenical_altar_ellora, serial_shops, shop_statue,
          minmay_quantized
D:4:      layout_cave_pods, serial_shops, shop, chequers_serial_rivers_small_b,
          hangedman_decor_slide_cut, uniq_pikel
D:5:      layout_loops_ring, temple_fountains, portal_sewer_entry_b,
          nicolae_ossuary_entry_catacombs
D:6:      layout_cave_pools
D:7:      layout_layer_cave, kennysheep_ying_yang, chequers_big_river,
          grunt_decor_resistance, uniq_menkaure
D:8:      layout_basic, gammafunk_ghost_nasty_kobolds
D:9:      minmay_the_grid_triangle_9x9_recursive_2_mashed
          [minmay_the_grid_triangle_9x9_prize_special,
          minmay_the_grid_triangle_9x9_dagger,
          minmay_the_grid_triangle_9x9_sprig,
          minmay_the_grid_triangle_9x9_corrupted_corridor], layout_gridville,
          chequers_temple_overflow_statue_of_worship, orc_david_3, jiyva_altar_1
D:10:     layout_stronghold, nicolae_qazlal_general_emergency
D:11:     layout_grid_maze, dpeg_oklobed_lair,
          portal_ice_cave_entry_animals_and_master, gammafunk_ghost_grave
D:12:     layout_roguey, gammafunk_ghost_arena, serial_co_window_serial,
          co_window_paths_a, co_window_of_opportunity_a, co_window_cross_1,
          co_window_cross_1, co_window_paths_b, co_window_corner_b,
          co_window_2corner, co_window_paths_c, co_window_4corner_b,
          co_window_4corner_a, glass_columns_b, glass_columns_a, uniq_lodul
D:13:     layout_loops_ring, nicolae_trove_entry_diagonal, special_room
          [special_room_orc]
D:14:     layout_loops_cross, david_vaults_1, hangedman_decor_lopped,
          tso_metal_star
D:15:     gammafunk_depths_entry_grave, layout_long_grid, hex_medium,
          nicolae_shop_vocational, uniq_kirke
Lair:1:   gammafunk_cloud_chamber, layout_hall_layers,
          nicolae_lair_grove_arrangements, nicolae_lair_run_with_the_wolves,
          lemuel_fruit_fields
Lair:2:   layout_gridlike, swamp_mist, minmay_snake_entry_guardpost_small,
          roderic_carrion_pond, infiniplex_staircase_pool_2,
          serial_bayou_shore_b
Lair:3:   layout_cave_pods, serial_bayou_ford_a, ldierk_geyser,
          beast_lair_carwin_11, infiniplex_staircase_pool
Lair:4:   statuecave_lemuel, layout_regular_city, serial_forest,
          infiniplex_forest_zigzag_1, infiniplex_forest_lined_3,
          infiniplex_forest_corner_2, infiniplex_forest_fountain,
          infiniplex_forest_corner_1, infiniplex_forest_zigzag_1,
          infiniplex_forest_lined_2, infiniplex_forest_end_2,
          infiniplex_forest_straight_4, infiniplex_forest_3_way,
          cheibrodos_lair_reptile_den
Lair:5:   minmay_lair_end_enchanted_forest, layout_regular_city, slime_entry_1,
          grunt_megastairs_5
Swamp:1:  layout_basic_swamp, nicolae_swamp_tree_isthmus
Swamp:2:  layout_basic_swamp, ebering_ghost_inner_flame,
          nicolae_swamp_small_spring, uniq_frances, uniq_louise
Swamp:3:  layout_basic_swamp, evilmike_swamp_ruin_house_6, swamp_pool1
Swamp:4:  swamp, layout_basic_swamp, swamp_pool4
Snake:1:  layout_onion_interference, special_room,
          nicolae_snake_salamander_stairs, minmay_shop_grove, uniq_aizul,
          uniq_asterion
Snake:2:  layout_grid_maze
Snake:3:  layout_concentric_octagons, nicolae_snake_squiggles
Snake:4:  johnstein_snake_rune_scales, layout_layer_cave
Orc:1:    nicolae_orc_accident_1, layout_diamond_mine, serial_shops,
          shop_fountains
Orc:2:    st_orc_elflike, layout_caves, serial_shops, shop
Depths:1: layout_basic, enter_ziggurat_e, serial_glass, glass_columns_a,
          glass_columns_b, hangedman_coc_ice_floe, grunt_decor_cap,
          nicolae_abyss_entry_one_way_or_another, kennysheep_generic_room_12
Depths:2: cross_vault, layout_cave_shapes, lightli_too_deep, abyss_entry,
          pan_entry, serial_shops, nicolae_shop_hallway_stairs,
          nicolae_shop_stone, minmay_staircase_windowed_large,
          nicolae_sif_muna_little_library, firewood_loft, serial_bayou_shore_a

Skill      XL: |  1  2  3  4  5  6  7  8  9 10 11 12 13 14 15 16 17 18 |
---------------+-------------------------------------------------------+-----
Axes           | 4 5 6 7 10 11 14 16 17 20 22 23 | 23.1
Fighting       | 4 7 11 14 17 19 21 | 21.5
Dodging        | 6 9 11 13 14 15 16 | 16.1
Armour         | 5 12 16 17 18 | 18.1
Throwing       | 6 10 | 10.5

Action                     |  1- 3 |  4- 6 |  7- 9 | 10-12 | 13-15 | 16-18 || total
---------------------------+-------+-------+-------+-------+-------+-------++-------
  Melee: Hand axe          |   109 |    55 |   384 |       |       |       ||   548
         Headbutt          |    14 |    10 |    60 |    99 |   179 |   177 ||   539
         Punch             |       |       |     5 |     1 |     1 |       ||     7
         War axe           |       |       |     6 |   111 |    48 |       ||   165
         Battleaxe         |       |       |       |   289 |   683 |   552 ||  1524
         Whip              |       |       |       |       |     7 |       ||     7
         Executioner's axe |       |       |       |       |    84 |   232 ||   316
  Throw: Throwing net      |       |       |       |     1 |       |       ||     1
         Javelin           |       |       |       |       |    10 |    22 ||    32
 Invoke: Berserk           |     1 |     2 |    12 |    22 |    19 |    13 ||    69
         Trog's Hand       |       |     2 |     2 |     7 |    11 |     7 ||    29
         Brothers in Arms  |       |       |       |       |     2 |     2 ||     4
    Use: Scroll            |       |       |       |    10 |     7 |    23 ||    40
         Potion            |       |       |       |     1 |     4 |     4 ||     9
   Stab: Distracted        |       |       |       |       |     1 |     3 ||     4
 Armour: Animal skin       |    11 |       |       |       |       |       ||    11
         Plate armour      |    18 |    30 |   183 |   137 |   529 |   734 ||  1631
         Ring mail         |     3 |       |       |       |       |       ||     3
         Fire dragon scale |       |       |       |       |       |    19 ||    19
  Dodge: Dodged            |    55 |    12 |   121 |   139 |   649 |   605 ||  1581

Table legend: (Time is in decaauts)
 A = Elapsed time spent in this place.
 B = Non-inter-level travel time spent in this place.
 C = Inter-level travel time spent in this place.
 D = Time resting spent in this place.
 E = Time spent auto-exploring this place.
 F = Levels seen in this place.
 G = Mean time per level.
                   A        B        C        D        E       F      G
               +--------+--------+--------+--------+--------+-----+--------+
         Total |  41218 |  38819 |   2399 |  12024 |  19979 |  34 | 1212.3 |
       Dungeon |  20288 |  18679 |   1609 |   5835 |   9701 |  15 | 1352.5 |
          Lair |   5276 |   4948 |    328 |    459 |   3610 |   5 | 1055.2 |
         Swamp |   4513 |   4412 |    101 |   1922 |   1597 |   4 | 1128.2 |
     Snake Pit |   6241 |   6003 |    238 |   2090 |   2887 |   4 | 1560.2 |
  Orcish Mines |   1635 |   1536 |     99 |    564 |    662 |   2 |  817.5 |
        Depths |   1655 |   1633 |     22 |    249 |   1128 |   2 |  827.5 |
         Sewer |    740 |    740 |      0 |    447 |    173 |   1 |  740.0 |
      Ice Cave |    866 |    866 |      0 |    455 |    220 |   1 |  866.0 |
               +--------+--------+--------+--------+--------+-----+--------+

Top non-repeatable levels by time:
     D:9: 2724 daAuts
    D:11: 1905 daAuts
    D:14: 1805 daAuts
 Snake:3: 1742 daAuts
    D:13: 1727 daAuts
 Snake:4: 1725 daAuts
 Swamp:4: 1634 daAuts
     D:8: 1604 daAuts
 Swamp:2: 1460 daAuts
 Snake:1: 1409 daAuts
    D:12: 1375 daAuts
 Snake:2: 1364 daAuts
    D:10: 1321 daAuts
Depths:1: 1291 daAuts
    D:15: 1235 daAuts
